 Dungeon Crawl Stone Soup version 0.22.1-2-g9c5b331 (webtiles) character file.

117 Liatris the Chopper (level 4, -8/35 HPs)
             Began as a Demonspawn Gladiator on Dec 27, 2018.
             Mangled by an iguana (13 damage)
             ... on level 2 of the Dungeon.
             The game lasted 00:06:49 (1782 turns).

Liatris the Chopper (Demonspawn Gladiator)          Turns: 1782, Time: 00:06:50

Health: -8/35      AC:  3    Str: 15    XL:     4   Next: 71%
Magic:  4/4        EV: 13    Int: 10    God:
Gold:   70         SH:  4    Dex: 14    Spells: 3/3 levels left

rFire    . . .     SeeInvis .   a - +0 war axe
rCold    . . .     Gourm    .   (no shield)
rNeg     . . .     Faith    .   b - +0 leather armour
rPois    .         Spirit   .   (helmet restricted)
rElec    .         Reflect  .   (no cloak)
rCorr    .         Harm     .   (no gloves)
MR       .....                  (no boots)
Stlth    +.........             (no amulet)
HPRegen  0.11/turn              (no ring)
MPRegen  0.09/turn              (no ring)

@: lethally poisoned (-8 -> -12)
A: antennae 2, large bone plates 1
a: no special abilities


You were on level 2 of the Dungeon.
You were not hungry.

You visited 1 branch of the dungeon, and saw 2 of its levels.

You collected 70 gold pieces.

Inventory:

Hand Weapons
 a - a +0 war axe (weapon)
Missiles
 d - 3 throwing nets (quivered)
Armour
 b - a +0 leather armour (worn)
 c - a +0 helmet
Scrolls
 e - a scroll of remove curse {unknown}
 g - a scroll of enchant weapon {unknown}
 h - a scroll of blinking {unknown}
 i - 2 scrolls of teleportation {unknown}
 k - 4 scrolls of identify {unknown}
Potions
 j - a potion of flight
Comestibles
 f - 6 rations


   Skills:
 + Level 3.0 Fighting
 + Level 4.0 Axes
 + Level 1.7 Throwing
 + Level 0.5 Armour
 + Level 3.2 Dodging


You had 3 spell levels left.
You didn't know any spells.
Your spell library was empty.

Dungeon Overview and Level Annotations

Branches:
Dungeon (2/15)

Altars:
Cheibriados
Trog

Annotations:
D:2 1 transporter


Innate Abilities, Weirdness & Mutations

You have a pair of antennae on your head.
You are partially covered in large bone plates. (SH +4)


Message History

* * * LOW HITPOINT WARNING * * *
It was a potion of curing.
You feel better. The adder bites you.
You are poisoned.
The adder poisons you! The adder skeleton bites you.
The iguana barely misses you. The adder closely misses you.
You are too injured to fight recklessly!
You barely miss the adder.
The adder is severely wounded.
You hit the iguana but do no damage. You hit the adder skeleton.
You feel sick. The adder skeleton bites you. The iguana closely misses you.
The adder barely misses you.
You closely miss the adder.
The adder is severely wounded.
You hit the adder skeleton.
You destroy the adder skeleton!
You hit the iguana but do no damage. The adder barely misses you.
The iguana bites you.
* * * LOW HITPOINT WARNING * * *
You block the adder's attack. The iguana bites you!
You die...

..##..........#
..##..........###########
.####.#.................##
..##..#.......#########..#
_.....#......##.$.©...##.#
..#...#......#8.#...#.8#.#
###..........#...#.#.[$#.##
.##....##...(#.|l....$.#..##
..#.)..###..©#.S@...[$_#©..#
.....#...#...#.......%)#...#
......##.....#...#.#.[$#...#
.(....###....#8.#...#.8#..##
......(......##.......##..#
.........##...#########...#
......(#..###.............#
..........................#
....###.....#####.........#


You could see an iguana and an adder.

Vanquished Creatures
  Terence (D:2)
  Robin (D:2)
  An adder (D:2)
  An adder skeleton (D:2)
  4 dart slugs
  3 leopard geckos
  5 bats
  3 giant cockroaches
  13 goblins
  8 hobgoblins
  A frilled lizard (D:1)
  7 kobolds
  7 rats
55 creatures vanquished.

Notes
Turn   | Place    | Note
-------+----------+-------------------------------------------
     0 | D:1      | Liatris the Demonspawn Gladiator began the quest for the
                  | Orb.
     0 | D:1      | Reached XP level 1. HP: 16/16 MP: 1/1
    50 | D:1      | Gained mutation: You have a pair of small antennae on your
                  | head. [demonic ancestry]
    50 | D:1      | Reached XP level 2. HP: 20/22 MP: 2/2
    53 | D:1      | Reached skill level 3 in Axes
   861 | D:2      | Noticed Robin
   865 | D:1      | Gained mutation: You have a pair of antennae on your head.
                  | [demonic ancestry]
   865 | D:1      | Reached XP level 3. HP: 26/27 MP: 3/3
  1353 | D:2      | Found a bloodstained altar of Trog.
  1403 | D:2      | Killed Robin
  1404 | D:2      | Noticed Terence
  1405 | D:2      | Gained mutation: You are partially covered in large bone
                  | plates. (SH +4) [demonic ancestry]
  1405 | D:2      | Reached XP level 4. HP: 28/34 MP: 4/4
  1414 | D:2      | Killed Terence
  1416 | D:2      | Reached skill level 4 in Axes
  1432 | D:2      | Found a transporter.
  1439 | D:2      | Found a transporter.
  1443 | D:2      | Found a snail-covered altar of Cheibriados.
  1782 | D:2      | Mangled by an iguana

Skill      XL: |  1  2  3  4 |
---------------+-------------+-----
Axes           | 3 4 |  4.0
Dodging        | 3 |  3.2
Fighting       | 3 |  3.0
Throwing       | |  1.7
Armour         | |  0.5

Action                   |  1- 3 |  4- 6 || total
-------------------------+-------+-------++-------
Melee: War axe           |   113 |    21 ||   134
  Use: Potion            |     4 |     2 ||     6
  Eat: Ration            |     1 |       ||     1
Armor: Leather armour    |    28 |     3 ||    31
Dodge: Dodged            |   105 |    31 ||   136
Block: Other             |       |     7 ||     7
